 Dungeon Crawl Stone Soup version 0.29.0-4-gdea44cf6ec (webtiles) character file.

Game seed: 9255207038644654709

26 qw the Chopper (level 3, -1/21 HPs)
             Began as a Tengu Warper on Aug 28, 2022.
             Succumbed to an adder's poison
             ... on level 2 of the Dungeon.
             The game lasted 00:00:06 (1107 turns).

qw the Chopper (Tengu Warper)                       Turns: 1107, Time: 00:00:07

Health: -1/21      AC:  8    Str: 13    XL:     3   Next: 8%
Magic:  7/7        EV:  5    Int: 13    God:
Gold:   34         SH:  3    Dex: 13    Spells: 6/6 levels left

rFire   . . .      SeeInvis .   Y - +0 hand axe
rCold   . . .      Faith    .   a - +0 buckler "Noapp" {Stlth+}
rNeg    . . .      Spirit   .   n - +0 chain mail
rPois   .          Reflect  .   (helmet restricted)
rElec   .          Harm     .   (no cloak)
rCorr   .          Rampage  .   (no gloves)
Will    .....                   (boots unavailable)
Stlth   ..........              (no amulet)
HPRegen 0.07/turn               (no ring)
MPRegen 0.10/turn               (no ring)

@: lethally poisoned (-1 -> -8)
A: beak, talons 3
a: no special abilities


You were on level 2 of the Dungeon.
You visited 1 branch of the dungeon, and saw 2 of its levels.

You collected 34 gold pieces.


Innate Abilities, Weirdness & Mutations

You have a beak for a mouth.
You have claws for feet.


   Skills:
 - Level 2.0 Fighting
 - Level 3.8 Axes
 - Level 1.0 Throwing
 - Level 1.1 Armour
 - Level 2.1 Dodging
 + Level 0.2 Shields
 - Level 2.0 Spellcasting
 - Level 2.4 Translocations


You had 6 spell levels left.
You didn't know any spells.
Your spell library contained the following spells:

 Spells                   Type           Power      Damage    Failure   Level
 Blink                    Tloc           14%        N/A       100%        2
 Gell's Gravitas          Tloc           7%         N/A       100%        3
 Lesser Beckoning         Tloc           7%         N/A       100%        3
 Teleport Other           Tloc           7%         N/A       100%        3
 Manifold Assault         Tloc           7%         N/A       100%        5

Inventory:

Hand Weapons
 e - a +0 mace
 Y - a +0 hand axe (weapon)
Missiles
 l - 3 boomerangs (quivered)
Armour
 a - the +0 buckler "Noapp" (worn) {Stlth+}
   (You acquired it on level 1 of the Dungeon)

   Stlth:     It makes you more stealthy.
 n - a +0 chain mail (worn)
Scrolls
 f - a scroll of identify
Potions
 o - a potion of magic {unknown}

Dungeon Overview and Level Annotations

Branches:
Dungeon (2/15)

Altars:


Message History

The adder is moderately wounded.
You block the adder's attack.
You closely miss the adder.
The adder is moderately wounded.
You block the adder's attack. The adder closely misses you.
You barely miss the adder. Your kick misses the adder.
Your peck misses the adder.
The adder is moderately wounded.
The adder bites you but does no damage.
You barely miss the adder. Your kick misses the adder.
The adder is moderately wounded.
The adder bites you.
You are poisoned.
The adder poisons you! The adder barely misses you.
You hit the adder. Your kick misses the adder.
The adder is heavily wounded.
You feel sick. The adder bites you.
You are more poisoned.
The adder poisons you!
You miss the adder.
The adder is heavily wounded.
You feel sick. The adder bites you. The adder barely misses you.
You barely miss the adder.
The adder is heavily wounded.
You feel sick. The adder bites you but does no damage.
You barely miss the adder. Your kick misses the adder.
The adder is heavily wounded.
You feel your willpower return.
You feel sick. The adder bites you. The adder bites you but does no damage.
You hit the adder. Your kick misses the adder. Your peck misses the adder.
The adder is severely wounded.
You feel sick. The adder bites you but does no damage.
You barely miss the adder. Your peck misses the adder.
The adder is severely wounded.
You feel sick. The adder bites you but does no damage. The adder bites you.
You are more poisoned.
The adder poisons you!
You hit the adder but do no damage.
The adder is severely wounded.
You die...

#### #### ..... ..#
......#####.####...
......S@>..........
......##.##.####.#..
.(... #.##.<.......
.... #.##.####.###
... #.##.# !. ...#.#
. ...#.# ...#.#
....#.#


You could see an adder.

Vanquished Creatures
  A dart slug (D:1)
  A bat (D:1)
  3 endoplasms (D:1)
  2 giant cockroaches (D:1)
  4 goblins
  A hobgoblin (D:1)
  6 kobolds (D:1)
  2 ball pythons (D:1)
  A frilled lizard (D:1)
  2 rats (D:1)
23 creatures vanquished.

Notes
Turn   | Place    | Note
-------+----------+-------------------------------------------
     0 | D:1      | qw the Tengu Warper began the quest for the Orb.
     0 | D:1      | Reached XP level 1. HP: 12/12 MP: 4/4
     0 | D:1      | 0 ||| qw: Version: 0.1-a-89-g26bdef1
     0 | D:1      | 0 ||| qw: Game counter: 1675
     0 | D:1      | 0 ||| qw: Always use a shield: true
     0 | D:1      | 0 ||| qw: God list: Okawaru
     0 | D:1      | 0 ||| qw: Allow faded altars: false
     0 | D:1      | 0 ||| qw: Do Orc after D:15 true
     0 | D:1      | 0 ||| qw: Do second Lair branch before Depths: true
     0 | D:1      | 0 ||| qw: Lair rune preference: random
     0 | D:1      | 0 ||| qw: Plans: Normal
     0 | D:1      | 0 ||| PLANNING D:1-11
   262 | D:1      | 262 ||| Stepping ~*~*~tactically~*~*~ (stealth).
   265 | D:1      | Reached XP level 2. HP: 17/17 MP: 6/6
   272 | D:1      | Reached skill level 3 in Axes
   417 | D:1      | 417 ||| Stepping ~*~*~tactically~*~*~ (stealth).
   809 | D:1      | Reached XP level 3. HP: 10/21 MP: 7/7
  1043 | D:1      | 1043 ||| UPGRADING to +0 chain mail.
  1053 | D:1      | 1053 ||| DROPPING +0 leather armour.
  1054 | D:1      | 1054 ||| READING scroll labelled QIEQOE CUISU.
  1054 | D:1      | Identified a scroll of acquirement
  1054 | D:1      | 1054 ||| ACQUIRING +0 buckler "Noapp" {Stlth+}
  1054 | D:1      | Acquired the +0 buckler "Noapp" {Stlth+}
  1056 | D:1      | 1056 ||| UPGRADING to +0 buckler "Noapp" {Stlth+}.
  1061 | D:1      | 1061 ||| READING 3 scrolls labelled HIAJAG KAILL.
  1062 | D:1      | 1062 ||| READING scroll labelled QEL JYADGHEP.
  1063 | D:1      | 1063 ||| READING scroll labelled BEETIU UCAY.
  1064 | D:1      | 1064 ||| READING scroll labelled XEIQAXE CUYRUNONT.
  1067 | D:1      | 1067 ||| READING scroll labelled NEURUZO MEUGA.
  1068 | D:1      | 1068 ||| READING scroll labelled AWAEFI QEAF.
  1069 | D:1      | 1069 ||| READING 2 scrolls of identify.
  1069 | D:1      | 1069 ||| IDENTIFYING blue potion
  1070 | D:1      | 1070 ||| DROPPING scroll of blinking.
  1071 | D:1      | 1071 ||| DROPPING potion of degeneration.
  1104 | D:2      | HP: 5/21 [adder (3)]
  1106 | D:2      | HP: 1/21 [adder (2)]
  1107 | D:2      | Succumbed to an adder's poison

Levels and vault maps discovered:
D:1:      dpeg_arrival_rooms_a, layout_basic
D:2:      layout_basic, chequers_ecumenical_altar_simple_redux, minmay_cupped

Skill      XL: |  1  2 |
---------------+-------+-----
Axes           | 3 |  3.8
Fighting       | |  2.0
Throwing       | |  1.0
Armour         | |  1.1
Dodging        | |  2.1
Shields        | |  0.2
Spellcasting   | |  2.0
Translocations | |  2.4

Action                   || total
-------------------------++-------
Melee: Hand axe          ||    46
       Kick              ||     6
       Peck              ||     3
Throw: Boomerang         ||    21
  Use: Scroll            ||     8
Armor: Leather armour    ||    13
       Chain mail        ||     9
Dodge: Dodged            ||    13
Block: Buckler           ||     2

Table legend:
 A = Non-vault XP
 B = Vault XP
 C = Vault XP percentage of total XP
 D = Non-vault monster count
 E = Vault monster count
 F = Vault count percentage of total count
                 A         B        C        D         E       F
            +---------+---------+-------+---------+---------+-------
      Total |      38 |       0 |   0.0 |      23 |       0 |   0.0
            +---------+---------+-------+---------+---------+-------
        D:1 |      36 |       0 |   0.0 |      22 |       0 |   0.0
        D:2 |       2 |       0 |   0.0 |       1 |       0 |   0.0
            +---------+---------+-------+---------+---------+-------
